Map: Whirlwind LE (Void)

Players

wimpywilly - Winner!

  • Race: Zerg Zerg
  • League: Gold
  • Spawn Location: 5:00

Fropez

  • Race: Protoss Protoss
  • League: Gold
  • Spawn Location: 11:00

VOD

Have the link to the VOD?

Description

Time

  • Played on: Dec. 3, 2016, 10:08 a.m.
  • Length: 11:30
Show
View Real Time Build Order
Export as new Build Order

wimpywilly Zerg - Winner!

Build Orders: Pool First, Lurkers 

Get SALT Encoding   

  12  0:01  Drone  
  13  0:08  Drone  
  14  0:16  Overlord  
  14  0:23  Extractor  
  14  0:24  Drone  
  15  0:35  Drone x2  
  17  0:45  Spawning Pool  
  17  0:50  Drone  
  17  1:11  Hatchery  
  16  1:17  Drone x2  
  18  1:23  Extractor  
  17  1:30  Overlord  
  17  1:32  Zergling x2  
  18  1:38  Queen  
  20  1:42  Drone  
  21  2:00  Drone  
  22  2:09  Drone  
  23  2:16  Drone  
  24  2:31  Drone x2, Hatchery  
  25  2:41  Extractor  
  25  2:42  Metabolic Boost  
  24  2:44  Zergling x6  
  24  2:49  Queen  
  29  3:03  Drone x3  
  29  3:04  Drone x2  
  34  3:23  Drone x2  
  34  3:25  Overlord x2  
  35  3:46  Lair  
  35  3:51  Drone  
  35  3:52  Drone x5  
  41  4:03  Queen  
  43  4:11  Evolution Chamber  
  43  4:14  Evolution Chamber  
  40  4:19  Pneumatized Carapace  
  40  4:28  Extractor  
  40  4:30  Drone x6  
  40  4:31  Extractor  
  44  4:37  Baneling Nest  
  43  5:02  Hydralisk Den  
  43  5:05  Drone x2  
  43  5:06  Drone x2  
  46  5:08  Spore Crawler  
  45  5:22  Overlord x3  
  45  5:26  Baneling x4  
  45  5:27  Drone  
  45  5:28  Drone x5  
  51  5:35  Queen  
  53  5:56  Hydralisk, Zerg Melee Weapons Level 1, Zerg Ground Armor Level 1  
  53  5:57  Hydralisk x3  
  53  6:02  Lurker Den  
  59  6:41  Infestation Pit  
  59  6:43  Zergling x16  
  59  6:44  Zergling x10  
  71  7:06  Spore Crawler  
  70  7:09  Hatchery  
  69  7:29  Zergling x2  
  70  7:30  Zergling x8  
  70  7:34  Overlord x4  
  74  7:51  Hive  
  74  7:54  Lurker x4  
  78  7:58  Hatchery  
  77  8:10  Overseer x2  
  77  8:11  Overseer  
  77  8:25  Drone x2  
  79  8:42  Zergling x8  
  79  8:43  Zergling x12  
  79  9:33  Hydralisk  
  79  9:34  Hydralisk x14  
  85  10:01  Hydralisk x2  
  85  10:02  Hydralisk x7  
  102  10:13  Overlord x5  
  99  10:17  Overseer x2  
  99  10:19  Overseer x2  
  99  10:20  Overseer  
  97  10:30  Lurker x3  
  100  10:36  Zergling x6  
  100  10:37  Zergling x16  
  111  11:02  Extractor  
  101  11:25  Spine Crawler  
  112  11:27  Spine Crawler  
Show
View Real Time Build Order
Export as new Build Order

Fropez Protoss 

Build Orders: Nexus First 

Get SALT Encoding   

  12  0:47  Probe (Chrono Boost)  
  13  1:04  Nexus  
  13  1:05  Probe (Chrono Boost)  
  13  1:11  Pylon  
  14  1:16  Probe (Chrono Boost)  
  15  1:31  Pylon  
  15  1:33  Pylon, Assimilator  
  15  1:37  Probe (Chrono Boost)  
  16  1:48  Probe (Chrono Boost), Assimilator  
  17  2:04  Gateway  
  17  2:07  Gateway  
  17  2:10  Gateway  
  17  2:15  Probe (Chrono Boost)  
  18  2:23  Probe (Chrono Boost)  
  18  2:33  Probe (Chrono Boost)  
  19  2:42  Pylon  
  19  2:46  Probe x2 (Chrono Boost)  
  21  2:56  Probe (Chrono Boost)  
  21  2:58  Cybernetics Core  
  22  2:59  Probe (Chrono Boost)  
  23  3:10  Probe (Chrono Boost)  
  23  3:20  Probe (Chrono Boost)  
  23  3:26  Forge  
  24  3:31  Probe (Chrono Boost)  
  26  3:41  Probe (Chrono Boost)  
  26  3:46  Mothership Core (Chrono Boost)  
  28  3:50  Adept  
  28  3:52  Probe (Chrono Boost)  
  31  3:58  Adept  
  31  4:00  Warp Gate (Chrono Boost)  
  34  4:02  Probe  
  34  4:04  Probe  
  34  4:09  Adept  
  37  4:19  Sentry  
  37  4:23  Assimilator  
  39  4:29  Sentry  
  39  4:31  Pylon  
  41  4:42  Pylon  
  41  4:45  Probe  
  42  4:47  Pylon  
  42  4:53  Adept x2  
  46  5:01  Assimilator  
  46  5:06  Twilight Council  
  46  5:11  Probe  
  46  5:13  Probe  
  48  5:21  Protoss Ground Weapons Level 1 (Chrono Boost)  
  48  5:23  Probe  
  48  5:26  Probe  
  50  5:37  Probe  
  51  5:52  Resonating Glaives (Chrono Boost), Stalker x3  
  51  5:53  Probe x2  
  59  6:09  Probe  
  59  6:10  Probe  
  56  6:17  Stalker x3  
  62  6:21  Probe  
  63  6:30  Probe  
  64  6:33  Probe  
  65  6:42  Probe  
  65  6:43  Stalker x3  
  73  6:47  Probe  
  73  6:55  Probe  
  73  6:56  Pylon  
  74  7:03  Gateway  
  74  7:04  Probe  
  74  7:06  Robotics Facility  
  75  7:08  Probe  
  75  7:11  Adept x2, Pylon  
  75  7:15  Adept  
  82  7:34  Probe x2  
  84  7:37  Dark Shrine  
  84  7:41  Stalker x2  
  84  7:42  Stalker  
  90  7:46  Probe  
  90  7:48  Probe  
  92  7:51  Protoss Ground Weapons Level 2 (Chrono Boost)  
  92  7:53  Warp Prism  
  94  8:07  Sentry x3  
  100  8:16  Probe  
  100  8:17  Probe  
  102  8:31  Gateway  
  102  8:35  Pylon  
  102  8:44  Gateway  
  102  8:45  Pylon  
  102  8:46  Gateway  
  102  8:47  Gateway  
  102  8:53  Observer (Chrono Boost), Probe x2  
  105  9:03  Pylon  
  105  9:16  Pylon  
  105  9:20  Pylon  
  105  9:23  Pylon  
  63  9:52  Dark Templar  
  41  10:04  Stalker x4  
  41  10:06  Probe  
  41  10:07  Probe  
  46  10:18  Probe  
  46  10:19  Probe  
  48  10:40  Pylon, Probe  
  48  10:41  Probe  
  50  10:43  Pylon  
  50  10:47  Photon Cannon  
  50  10:53  Adept x3  
  50  10:54  Adept x2  
  60  11:13  Pylon  
  60  11:14  Dark Templar  
  60  11:15  Dark Templar  
  60  11:18  Dark Templar  
  54  11:25  Stalker x2  
Tags
 
Composition
Lurkers
League
GoldGold
Matchup
PvZ
Replay Pack
All Mines
Spawn Locations
Cross Positions
Add a new tag
Caveats
  • Supply blocks, unpowered buildings, or Contaminate may cause inaccurate times.
  • Supply counts are checked every 10 seconds.